 Dungeon Crawl Stone Soup version 0.26-a0-976-gd3b5134375 (webtiles) character file.

Game seed: 13879598982853045911

88 Descartes the Covert (level 4, 0/21 HPs)
             Began as a Felid Delver on Dec 5, 2020.
             Succumbed to a kobold's poison
             ... on level 3 of the Dungeon.
             The game lasted 00:04:54 (1512 turns).

Descartes the Covert (Felid Delver)                 Turns: 1512, Time: 00:04:54

Health: 0/21       AC:  1    Str:  9    XL:     4   Next: 30%
Magic:  5/5        EV: 18    Int: 12    God:
Gold:   75         SH:  0    Dex: 17    Spells: 3/3 levels left
                                        Lives:  0   Deaths: 1

rFire    . . .     SeeInvis +     - Unarmed
rCold    . . .     Faith    .   (shield unavailable)
rNeg     . . .     Spirit   .   (armour unavailable)
rPois    .         Reflect  .   (helmet unavailable)
rElec    .         Harm     .   (cloak unavailable)
rCorr    .         Rampage  .   (gloves unavailable)
MR       .....     Rnd*Tele +   (boots unavailable)
Stlth    +++++.....             (no amulet)
HPRegen  0.07/turn              h - ring of teleportation (curse)
MPRegen  0.09/turn              (no ring)

@: lethally poisoned (0 -> -5), quick
A: very small, no armour, no weapons or thrown items, stealth, claws 1, fangs 3,
see invisible, speed 1, shaggy fur 1, sharp paws
a: no special abilities


You were on level 3 of the Dungeon.
You visited 2 branches of the dungeon, and saw 4 of its levels.

You collected 75 gold pieces.

Inventory:

Jewellery
 h - a cursed ring of teleportation (left paw)
Wands
 e - a wand of digging (3)
Scrolls
 a - a scroll of fog
 b - a scroll of magic mapping
 c - a scroll of fear
 g - a scroll of identify
 i - a scroll of blinking
Potions
 d - a potion of haste


   Skills:
 - Level 3.0 Fighting
 + Level 3.0 Dodging
 + Level 9.8 Stealth
 + Level 2.2 Unarmed Combat


You had 3 spell levels left.
You didn't know any spells.
Your spell library was empty.

Dungeon Overview and Level Annotations

Branches:
Dungeon (5/15)             Temple (1/1) D:5

Altars:
Ashenzari
Cheibriados
Dithmenos
Elyvilon
Fedhas
Gozag
Kikubaaqudgha
Makhleb
Nemelex Xobeh
Qazlal
Ru
Sif Muna
Uskayaw
Wu Jian
Xom
Yredelemnul
Zin
The Shining One


Innate Abilities, Weirdness & Mutations

You cannot wear armour.
You are incapable of wielding weapons or throwing items.
Your paws allow you to move quietly. (Stealth)
You have sharp claws.
You have razor-sharp teeth.
You have supernaturally acute eyesight. (SInv)
You cover ground quickly.
You are covered in fur. (AC +1)
Your sharp claws are effective at attacking unaware monsters.


Message History

You feel sick.
There is a lethal amount of poison in your body!
Okay, then.
Unknown command.
You feel sick.
* * * LOW HITPOINT WARNING * * *
You feel sick.
* * * LOW HITPOINT WARNING * * *
You feel sick.
* * * LOW HITPOINT WARNING * * *
You feel sick.
* * * LOW HITPOINT WARNING * * *
You feel sick.
* * * LOW HITPOINT WARNING * * *
You feel sick.
* * * LOW HITPOINT WARNING * * *
You feel sick.
* * * LOW HITPOINT WARNING * * *
You feel sick.
You die...

#######################
..>.†...........@)....#
##........###########.#
#.......$# #.#
#........# #.#
#........# #.#
#(.......# #.#
########## #.# #.# #.#


There were no monsters in sight!

Vanquished Creatures
  A centaur (D:5)
  An iguana (D:5)
  A worker ant (D:5)
  A hound zombie (D:5)
  An adder (D:5)
  An ooze (D:5)
  A leopard gecko (D:5)
  An orc (D:5)
  A giant cockroach (D:5)
  A hobgoblin (D:3)
  A quokka (D:5)
  4 kobolds
  A leopard gecko skeleton (D:5)
  A rat (D:3)
17 creatures vanquished.

Notes
Turn   | Place    | Note
-------+----------+-------------------------------------------
     0 | D:5      | Descartes the Felid Delver began the quest for the Orb.
     0 | D:5      | Reached XP level 1. HP: 10/10 MP: 2/2
   125 | D:5      | Reached skill level 7 in Stealth
   149 | D:5      | Reached XP level 2. HP: 14/14 MP: 3/3
   441 | D:5      | Found a staircase to the Ecumenical Temple.
   518 | Temple   | Entered the Ecumenical Temple
   772 | D:5      | Reached skill level 8 in Stealth
   772 | D:5      | Reached XP level 3. HP: 11/17 MP: 4/4
   962 | D:5      | Noticed a centaur
   964 | D:5      | Killed a centaur
   965 | D:5      | Reached skill level 9 in Stealth
   965 | D:5      | Reached XP level 4. HP: 21/21 MP: 5/5
   965 | D:5      | Reached XP level 5. HP: 24/24 MP: 6/6
   976 | D:5      | Noticed an ogre
   976 | D:5      | Noticed a centaur
  1326 | D:4      | HP: 1/24 [big kobold/+0 club (6)]
  1327 | D:4      | Slain by a kobold
  1328 | D:4      | Reached XP level 4. HP: -2/21 MP: 5/5
  1509 | D:3      | HP: 1/21 [poisoned by a kobold]
  1512 | D:3      | Succumbed to a kobold's poison

Illustrated notes

Levels and vault maps discovered:
D:3:      layout_basic, serial_park_tiny_pond, uniq_ijyb
D:4:      minmay_goblin_kobold_castle, layout_loops_ring,
          grunt_temple_overflow_open, uniq_eustachio
D:5:      layout_basic, lemuel_doored_altar, temple_fountains
Temple:   eino_narrow_crystal_temple

Skill      XL: |  1  2  3  4 |
---------------+-------------+-----
Stealth        | 7 8 9 |  9.8
Dodging        | 3 |  3.0
Fighting       | |  3.0
Unarmed Combat | |  2.2

Action                   |  1- 3 |  4- 6 || total
-------------------------+-------+-------++-------
Melee: Unarmed           |    27 |    44 ||    71
       Bite              |     3 |     6 ||     9
       Punch             |     1 |       ||     1
  Use: Scroll            |       |     1 ||     1
       Potion            |       |     2 ||     2
 Stab: Sleeping          |     4 |     2 ||     6
       Distracted        |     1 |       ||     1
Armor: Skin              |     1 |       ||     1
Dodge: Dodged            |    19 |    46 ||    65

Table legend: (Time is in decaauts)
 A = Elapsed time spent in this place.
 B = Non-inter-level travel time spent in this place.
 C = Inter-level travel time spent in this place.
 D = Time resting spent in this place.
 E = Time spent auto-exploring this place.
 F = Levels seen in this place.
 G = Mean time per level.
                   A        B        C        D        E       F      G
               +--------+--------+--------+--------+--------+-----+--------+
         Total |   1333 |   1219 |    114 |      4 |    929 |   4 |  333.2 |
       Dungeon |   1166 |   1062 |    104 |      4 |    774 |   3 |  388.7 |
        Temple |    167 |    157 |     10 |      0 |    155 |   1 |  167.0 |
               +--------+--------+--------+--------+--------+-----+--------+

Top non-repeatable levels by time:
     D:5: 930 daAuts
  Temple: 167 daAuts
     D:3: 141 daAuts
     D:4: 95 daAuts
